 Dungeon Crawl Stone Soup version 0.23.2 (webtiles) character file.

Game seed: 14065542980772095347

1054 Illumine the Shooter (level 8, -2/70 HPs)
             Began as a Centaur Hunter on Oct 17, 2019.
             Was an Initiate of Okawaru.
             Slain by a sky beast (5 damage)
             ... on level 9 of the Dungeon.
             The game lasted 00:09:22 (4726 turns).

Illumine the Shooter (Centaur Hunter)               Turns: 4726, Time: 00:09:22

Health: -2/70      AC:  6    Str: 20    XL:     8   Next: 5%
Magic:  8/8        EV: 16    Int: 10    God:    Okawaru [......]
Gold:   181        SH:  0    Dex: 17    Spells: 7/7 levels left

rFire    . . .     SeeInvis .   x - +1 quarterstaff of Responsibility {crush, *Corrode Str+6 Dex+4} (curse)
rCold    . . .     Gourm    .   (shield currently unavailable)
rNeg     . . .     Faith    .   q - +0 leather armour
rPois    .         Spirit   .   (no helmet)
rElec    .         Reflect  .   u - +0 cloak {+Inv}
rCorr    .         Harm     .   n - +0 pair of gloves
MR       .....                  (no barding)
Stlth    +.........             (no amulet)
HPRegen  0.21/turn              e - +4 ring of evasion
MPRegen  0.11/turn              (no ring)

@: studying Short Blades, very quick
A: large, hooves 3, deformed body, speed 2, tough skin 3
a: Renounce Religion, Evoke Invisibility


You were on level 9 of the Dungeon.
You worshipped Okawaru.
Okawaru was noncommittal.
You were hungry.

You visited 2 branches of the dungeon, and saw 8 of its levels.

You collected 181 gold pieces.

Inventory:

Hand Weapons
 a - a +1 shortbow
 b - a +0 short sword
 h - a +0 hunting sling
 m - a +2 vampiric short sword
 x - the cursed +1 quarterstaff of Responsibility (weapon) {crush, *Corrode Str+6 Dex+4}
   (You found it on level 5 of the Dungeon)

   It inflicts extra damage upon your enemies.
   It affects your strength (+6).
   It affects your dexterity (+4).
   It may corrode you when you take damage.
   It has a curse placed upon it.
Missiles
 d - 41 arrows
 i - 67 stones (quivered)
 A - a throwing net
Armour
 n - a +0 pair of gloves (worn)
 q - a +0 leather armour (worn)
 u - a +0 cloak of invisibility (worn)
Jewellery
 e - a +4 ring of evasion (left hand)
 j - an uncursed ring of teleportation
 l - an uncursed ring of wizardry
Wands
 s - a wand of clouds (6)
 C - a wand of random effects (17)
Scrolls
 c - a scroll of enchant weapon {unknown}
 o - 3 scrolls of magic mapping {unknown}
 p - a scroll of teleportation {unknown}
 r - a scroll of remove curse
 w - a scroll of fog {unknown}
 y - a scroll of blinking {unknown}
 B - a scroll of fear {unknown}
Potions
 g - a potion of heal wounds
 k - 2 potions of curing
 t - a potion of degeneration {unknown}
 v - a potion of brilliance {unknown}
Books
 z - a manual of Short Blades
Comestibles
 f - 3 rations


   Skills:
 + Level 6.2 Fighting
 - Level 3.0 Short Blades
 + Level 7.0 Bows
 + Level 4.2 Dodging
 - Level 0.4 Stealth


You had 7 spell levels left.
You didn't know any spells.
Your spell library was empty.

Dungeon Overview and Level Annotations

Branches:
Dungeon (6/15)             Temple (1/1) D:5

Altars:
Dithmenos
Elyvilon
Gozag
Hepliaklqana
Kikubaaqudgha
Nemelex Xobeh
Okawaru
Qazlal
Sif Muna
Wu Jian

Annotations:
D:3 Sigmund
D:6 1 runed translucent door


Innate Abilities, Weirdness & Mutations

You have hooves in place of feet.
Armour fits poorly on your strangely shaped body.
You cover ground very quickly.
You have extremely tough skin. (AC +3)


Message History

Something barely misses you.
You hit the bullfrog skeleton.
The bullfrog skeleton is almost destroyed.
The bullfrog skeleton misses you. Something hits you but does no damage.
The bullfrog skeleton hits you.
* * * LOW HITPOINT WARNING * * *
You thump the bullfrog skeleton!
You destroy the bullfrog skeleton!
Okawaru accepts your kill. Something barely misses you.
You hit something but do no damage. Something hits you.
* * * LOW HITPOINT WARNING * * *
Something shocks you.
* * * LOW HITPOINT WARNING * * *
A sky beast appears from thin air!
Reactivating autopickup.
The sky beast hits you.
* * * LOW HITPOINT WARNING * * *
The sky beast shocks you.
You die...

....$#
#...# .
#...## .Z
#....# #.
#≈#..#
#..
#.#..#
#...
#.##..#
#.#..##Y#
..#
#.....[@#
#.#
##.#.####
.. #


You could see a sky beast.

Vanquished Creatures
  A hippogriff (D:5)
  Menkaure (D:4)
  A sky beast (D:5)
  3 ogres (D:4)
  A howler monkey (D:4)
  A bullfrog zombie (D:5)
  A centaur zombie (D:5)
  Crazy Yiuf (D:4)
  A bullfrog skeleton (D:9)
  A jelly (D:5)
  An orc priest (D:5)
  4 worker ants
  2 howler monkey skeletons
  3 oozes
  3 worms
  2 dart slugs
  A leopard gecko (D:2)
  3 orcs (D:5)
  3 giant cockroaches
  5 goblins
  6 hobgoblins
  5 kobolds
  2 quokkas (D:5)
  5 bats
  4 frilled lizards
  4 rats
65 creatures vanquished.

Notes
Turn   | Place    | Note
-------+----------+-------------------------------------------
     0 | D:1      | Illumine the Centaur Hunter began the quest for the Orb.
     0 | D:1      | Reached XP level 1. HP: 17/17 MP: 1/1
   267 | D:1      | Reached XP level 2. HP: 25/25 MP: 2/2
   778 | D:2      | Reached XP level 3. HP: 8/31 MP: 3/3
  1781 | D:3      | Found a white marble altar of Elyvilon.
  1896 | D:3      | Noticed Sigmund
  2010 | D:4      | Noticed an ogre
  2037 | D:4      | Killed an ogre
  2037 | D:4      | Reached skill level 1 in Short Blades
  2037 | D:4      | Reached XP level 4. HP: 40/40 MP: 4/4
  2037 | D:4      | Reached XP level 5. HP: 46/46 MP: 5/5
  2102 | D:4      | Noticed Menkaure
  2123 | D:4      | Killed Menkaure
  2123 | D:4      | Reached XP level 6. HP: 17/53 MP: 6/6
  2844 | D:4      | Reached skill level 5 in Fighting
  2937 | D:4      | Reached XP level 7. HP: 61/61 MP: 7/7
  3192 | D:4      | Found a runed translucent door.
  3193 | D:4      | Noticed Crazy Yiuf
  3215 | D:4      | Killed Crazy Yiuf
  3375 | D:5      | Entered Level 5 of the Dungeon
  3397 | D:5      | Got a scorched quarterstaff
  3925 | D:5      | Reached skill level 6 in Bows
  3990 | D:5      | Found a staircase to the Ecumenical Temple.
  3999 | Temple   | Entered the Ecumenical Temple
  4022 | Temple   | Became a worshipper of Warmaster Okawaru
  4101 | D:5      | Noticed a hippogriff
  4141 | D:5      | Killed a hippogriff
  4153 | D:5      | Reached XP level 8. HP: 12/70 MP: 8/8
  4652 | D:6      | Found a runed translucent door.
  4691 | D:6      | Reached skill level 7 in Bows
  4692 | D:6      | You fall through a shaft for 3 floors!
  4692 | D:9      | Found a hazy altar of Hepliaklqana.
  4722 | D:9      | Identified the cursed +1 quarterstaff of Responsibility
                  | {crush, *Corrode Str+6 Dex+4} (You found it on level 5 of
                  | the Dungeon)
  4726 | D:9      | HP: 3/70 [sky beast (3)]
  4726 | D:9      | Slain by a sky beast

Skill      XL: |  1  2  3  4  5  6  7  8 |
---------------+-------------------------+-----
Fighting       | 3 4 5 6 |  6.2
Dodging        | 2 3 4 |  4.2
Short Blades   | 1 2 3 |  3.0
Bows           | 6 7 |  7.0
Stealth        | |  0.4

Action                   |  1- 3 |  4- 6 |  7- 9 || total
-------------------------+-------+-------+-------++-------
Melee: Short sword       |   115 |    34 |    76 ||   225
       Kick              |    23 |     8 |    23 ||    54
       Mace              |     3 |       |       ||     3
       Quarterstaff      |       |       |     4 ||     4
 Fire: Hunting sling     |    14 |       |       ||    14
       Shortbow          |    10 |    31 |    46 ||    87
  Use: Scroll            |     5 |       |       ||     5
  Eat: Ration            |     2 |       |     1 ||     3
       Chunk             |       |     3 |       ||     3
Armor: Leather armour    |    31 |     3 |    24 ||    58
Dodge: Dodged            |    56 |    23 |    78 ||   157
